 Dungeon Crawl Stone Soup version 0.30-a0-862-g1aabd4f9c5 (webtiles) character file.

Game seed: 9563569603076873742

311 FexLirch the Sneak (level 6, -2/32 HPs)
             Began as a Kobold Enchanter on Mar 8, 2023.
             Was a Believer of Vehumet.
             Slain by Duvessa
             ... wielding a +0 short sword
              (12 damage)
             ... on level 4 of the Dungeon.
             The game lasted 00:08:36 (3153 turns).

FexLirch the Sneak (Kobold Enchanter)               Turns: 3153, Time: 00:08:36

Health: -2/32      AC:  4    Str:  6    XL:     6   Next: 70%
Magic:  5/11       EV: 14    Int: 18    God:    Vehumet [**....]
Gold:   54         SH:  0    Dex: 15    Spells: 6/11 levels left

rFire   . . .      SeeInvis .    i - +0 dagger (venom)
rCold   . . .      Faith    .    (no shield)
rNeg    . . .      Spirit   .    k - +0 leather armour
rPois   .          Reflect  .    (no helmet)
rElec   .          Rampage  .    (no cloak)
rCorr   .                        p - +0 pair of gloves
Will    .....                    (no boots)
Stlth   ++++                     (no amulet)
HPRegen 0.25/turn                (no ring)
MPRegen 0.12/turn                (no ring)

@: no status effects
A: small, no large weapons, nightstalker 3
a: Renounce Religion


You were on level 4 of the Dungeon.
You worshipped Vehumet.
Vehumet was pleased with you.
You visited 1 branch of the dungeon, and saw 4 of its levels.

You collected 213 gold pieces.
You spent 159 gold pieces at shops.

Inventory:

Hand Weapons
 a - a +1 dagger
 e - a +0 short sword
 i - a +0 dagger of venom (weapon)
Missiles
 l - 51 stones (quivered)
Armour
 b - a +0 robe
 k - a +0 leather armour (worn)
 p - a +0 pair of gloves (worn)
Magical Staves
 h - a staff of conjuration
Scrolls
 d - 2 scrolls of teleportation
 f - a scroll of blinking {unknown}
 j - 2 scrolls of noise {unknown}
 o - a scroll of vulnerability {unknown}
 s - a scroll of summoning
Potions
 c - a potion of invisibility
 m - a potion of flight
 n - a potion of haste {unknown}
 q - 2 potions of lignification {unknown}
 r - a potion of curing


   Skills:
 + Level 3.3 Short Blades
 - Level 2.4 Dodging
 + Level 5.3 Stealth
 + Level 3.3 Spellcasting
 + Level 2.0 Conjurations
 + Level 3.5 Hexes
 + Level 1.2 Transmutations
 + Level 1.9 Fire Magic
 + Level 1.5 Ice Magic


You had 6 spell levels left.
You knew the following spells:

 Your Spells              Type           Power      Damage    Failure   Level
a - Ensorcelled Hibernat  Hex/Ice        24%        N/A       13%         2
b - Foxfire               Conj/Fire      40%        2x1d6     11%         1
c - Scorch                Fire           18%        2d6       17%         2

Your spell library contained the following spells:

 Spells                   Type           Power      Damage    Failure   Level
 Stone Arrow              Conj/Erth      12%        3d7       43%         3
 Freeze                   Ice            32%        1d5       13%         1
 Confusing Touch          Hex            15%        N/A       17%         3
 Tukima's Dance           Hex            15%        N/A       17%         3
 Dazzling Flash           Conj/Hex       26%        N/A       24%         3
 Hailstorm                Conj/Ice       9%         3d4       34%         3
 Frozen Ramparts          Ice            16%        1d3       36%         3
 Irradiate                Conj/Tmut      4%         3d13      98%         5
 Blade Hands              Tmut           3%         N/A       99%         5
 Dragon Form              Tmut           3%         N/A       100%        7


Dungeon Overview and Level Annotations

Branches:
Dungeon (4/15)
 Temple: D:4-7

Altars:
Vehumet

Shops:
D:3 ?

Annotations:
D:4 Duvessa


Innate Abilities, Weirdness & Mutations

You are small and have problems with some larger weapons.
You are completely attuned to the shadows.


Message History

Vehumet accepts your kill.
You feel your power returning.
You hear a distant scream of rage.
Your Conjurations skill increases to level 2!
Things that are here:
a +0 dagger; a +0 robe; the elf corpse of Dowan
There is an open door here.
There is a stone staircase leading up here.
You start resting.
Magic restored.
HP restored.
You open the door.
There is an open door here.
Duvessa is nearby!
Casting: Ensorcelled Hibernation (safe; 13% risk of failure)
Confirm with . or Enter, or press ? or * to list all spells.
Aiming: Ensorcelled Hibernation (safe; 13% risk of failure)
Press: ? - help, Shift-Dir - straight line, f/p - Duvessa
Aim: Duvessa, wielding a +0 short sword and wearing a +3 ring mail of positive energy (lightly wounded, chance to affect: 28%) Duvessa easily resists.
Duvessa goes berserk!
Casting: Ensorcelled Hibernation (safe; 13% risk of failure)
Confirm with . or Enter, or press ? or * to list all spells.
You can't see any susceptible monsters within range! (Use Z to cast anyway.)
There is an open door here.
Casting: Ensorcelled Hibernation (safe; 13% risk of failure)
Confirm with . or Enter, or press ? or * to list all spells.
Flames lash Duvessa.
Duvessa is lightly wounded.
Duvessa's fire resistance burns away.
Duvessa completely misses you. Duvessa hits you with a +0 short sword!
Casting: Scorch (safe; 17% risk of failure)
Confirm with . or Enter, or press ? or * to list all spells.
Flames lash Duvessa.
Duvessa is burned terribly!
Duvessa is heavily wounded.
Duvessa hits you with a +0 short sword!
Ouch! That really hurt!
* * * LOW HITPOINT WARNING * * *
Okay, then.
Unknown command.
You feel better. Duvessa hits you with a +0 short sword!
You die...

#.....##########......#######
##....# ######+#.......#
###### #......#.......#
#......#.......#
#<.....#.......#
#......#.......#
#......'.......#
##..##.#.......#
.####@##.###.....#
.....e.#...#.....#
.......#...#.....#
.......#...#.)...#
.......#...'.....#
.......#...#.....#
#..##.....# #..#......#
...+......#


You could see Duvessa (berserk, combustible).

Vanquished Creatures
  A black bear (D:4)
  Dowan (D:4)
  An iguana (D:4)
  Robin (D:3)
  5 adders
  A worm (D:2)
  A dart slug (D:2)
  An orc (D:4)
  4 ball pythons
  2 bats
  6 endoplasms
  3 giant cockroaches
  11 hobgoblins
  4 jackals (D:3)
  2 frilled lizards (D:3)
  19 goblins
  11 kobolds
  7 rats
81 creatures vanquished.

Vanquished Creatures (collateral kills)
  A foxfire (D:3)
1 creature vanquished.

Vanquished Creatures (others)
  48 foxfires
48 creatures vanquished.

Grand Total: 130 creatures vanquished

Notes
Turn   | Place    | Note
-------+----------+-------------------------------------------
     0 | D:1      | FexLirch the Kobold Enchanter began the quest for the Orb.
     0 | D:1      | Reached XP level 1. HP: 10/10 MP: 3/3
   146 | D:1      | Reached XP level 2. HP: 8/15 MP: 5/5
   196 | D:1      | Learned a level 2 spell: Ensorcelled Hibernation
   564 | D:1      | Found a faded altar of an unknown god.
   591 | D:1      | Prayed at the altar of an unknown god.
   591 | D:1      | Became a worshipper of Vehumet
   591 | D:1      | Reached * piety under Vehumet
   591 | D:1      | Offered knowledge of Foxfire by Vehumet.
   594 | D:1      | Learned a level 1 spell: Foxfire
   612 | D:1      | Reached XP level 3. HP: 19/19 MP: 3/6
  1280 | D:2      | Reached XP level 4. HP: 24/24 MP: 8/8
  1294 | D:2      | Reached skill level 1 in Fire Magic
  1303 | D:2      | Reached skill level 1 in Conjurations
  1885 | D:3      | Reached ** piety under Vehumet
  2057 | D:3      | Offered knowledge of Scorch by Vehumet.
  2061 | D:3      | Learned a level 2 spell: Scorch
  2167 | D:3      | Reached XP level 5. HP: 28/28 MP: 7/9
  2371 | D:3      | Found Kurit's Magic Scroll Boutique.
  2376 | D:3      | Bought a scroll of teleportation for 33 gold pieces
  2376 | D:3      | Bought a scroll of summoning for 104 gold pieces
  2376 | D:3      | Bought a scroll of identify for 22 gold pieces
  2446 | D:3      | Reached skill level 5 in Stealth
  2633 | D:3      | Noticed Robin
  2656 | D:3      | Killed Robin
  2828 | D:4      | Reached skill level 1 in Ice Magic
  2854 | D:4      | Noticed a black bear
  2858 | D:4      | Killed a black bear
  2859 | D:4      | Reached skill level 1 in Transmutations
  2859 | D:4      | Reached XP level 6. HP: 32/32 MP: 10/10
  2885 | D:4      | Offered knowledge of Stone Arrow by Vehumet.
  3067 | D:4      | Noticed Dowan
  3069 | D:4      | Noticed Duvessa
  3080 | D:4      | Killed Dowan
  3152 | D:4      | HP: 1/32 [Duvessa/+0 short sword (16)]
  3153 | D:4      | Slain by Duvessa

Illustrated notes

Levels and vault maps discovered:
D:1:      grunt_arrival_lava_bath, layout_basic, basic_ecumenical_altar
D:2:      layout_basic
D:3:      layout_basic, serial_shops, shop, small_statue_intersection,
          uniq_robin
D:4:      layout_gridville, chequers_temple_overflow_minitemple, uniq_duvessa

Skill      XL: |  1  2  3  4  5  6 |
---------------+-------------------+-----
Short Blades   | 2 3 |  3.3
Fire Magic     | 1 |  1.9
Conjurations   | 1 2 |  2.0
Stealth        | 5 |  5.3
Spellcasting   | 3 |  3.3
Ice Magic      | 1 |  1.5
Transmutations | 1 |  1.2
Dodging        | |  2.4
Hexes          | |  3.5

Action                     |  1- 3 |  4- 6 || total
---------------------------+-------+-------++-------
  Melee: Dagger            |    64 |    84 ||   148
  Throw: Stone             |       |     1 ||     1
   Cast: Foxfire           |     4 |    30 ||    34
         Ensorcelled Hiber |     6 |     9 ||    15
         Scorch            |       |     4 ||     4
    Use: Scroll            |       |     4 ||     4
         Potion            |       |     3 ||     3
   Stab: Sleeping          |    17 |    14 ||    31
         Invisible         |       |     2 ||     2
         Distracted        |       |     1 ||     1
 Armour: Robe              |     5 |       ||     5
         Leather armour    |     8 |    18 ||    26
  Dodge: Dodged            |    33 |    89 ||   122

Table legend: (Time is in decaauts)
 A = Elapsed time spent in this place.
 B = Non-inter-level travel time spent in this place.
 C = Inter-level travel time spent in this place.
 D = Time resting spent in this place.
 E = Time spent auto-exploring this place.
 F = Levels seen in this place.
 G = Mean time per level.
                   A        B        C        D        E       F      G
               +--------+--------+--------+--------+--------+-----+--------+
         Total |   3134 |   3042 |     92 |     48 |   2416 |   4 |  783.5 |
       Dungeon |   3134 |   3042 |     92 |     48 |   2416 |   4 |  783.5 |
               +--------+--------+--------+--------+--------+-----+--------+

Top non-repeatable levels by time:
     D:1: 1031 daAuts
     D:3: 1019 daAuts
     D:2: 746 daAuts
     D:4: 337 daAuts
